Map: Echo LE (Void)

Players

Javert - Winner!

  • Race: Protoss Protoss

VOD

Have the link to the VOD?

Description

Time

  • Played on: May 1, 2015, 5:15 p.m.
  • Length: 5:46
Show
View Real Time Build Order
Export as new Build Order

Javert Protoss - Winner!

Build Orders:  

Get SALT Encoding   

  12  0:04  Probe  
  12  0:15  Pylon  
  12  0:16  Probe  
  12  0:33  Probe (Chrono Boost)  
  12  0:38  Gateway  
  12  0:43  Probe (Chrono Boost)  
  12  0:50  Probe  
  12  0:53  Assimilator  
  12  1:02  Probe (Chrono Boost)  
  12  1:13  Probe (Chrono Boost)  
  12  1:14  Pylon  
  12  1:20  Probe (Chrono Boost)  
  12  1:29  Cybernetics Core  
  12  1:31  Probe (Chrono Boost)  
  12  1:43  Probe (Chrono Boost)  
  12  1:44  Gateway  
  12  1:50  Probe (Chrono Boost), Gateway  
  12  2:00  Probe  
  12  2:06  Warp Gate (Chrono Boost)  
  12  2:07  Pylon  
  12  2:08  Pylon  
  12  2:14  Probe  
  12  2:19  Pylon  
  12  2:26  Probe  
  12  2:38  Mothership Core  
  12  2:48  Gateway  
  12  2:53  Gateway  
  12  2:59  Probe  
  12  3:54  Stalker  
  12  3:55  Stalker  
  12  3:58  Adept  
  12  3:59  Adept  
  12  4:02  Zealot  
  12  4:55  Adept  
Tags
 
Add a new tag
Caveats
  • Supply blocks, unpowered buildings, or Contaminate may cause inaccurate times.
  • Supply counts are checked every 10 seconds.